 Dungeon Crawl Stone Soup version 0.28-b1-25-g9875b3fc8c (webtiles) character file.

Game seed: 10401543900341308208

73 emikaela the Sneak (level 4, -8/37 HPs)
             Began as a Tengu Enchanter on Feb 5, 2022.
             Was a Follower of Qazlal.
             Killed by divine providence
             ... invoked by an orc priest
              (16 damage)
             ... on level 3 of the Dungeon.
             The game lasted 00:12:33 (2915 turns).

emikaela the Sneak (Tengu Enchanter)                Turns: 2915, Time: 00:12:34

Health: -8/37      AC: 22    Str:  8    XL:     4   Next: 27%
Magic:  3/8        EV:  2    Int: 17    God:    Qazlal [*.....]
Gold:   92         SH:  2    Dex: 15    Spells: 1/7 levels left

rFire   . . .      SeeInvis .   a - +1 dagger
rCold   . . .      Faith    .   (no shield)
rNeg    . . .      Spirit   .   (armour currently unavailable)
rPois   +          Reflect  .   (helmet currently unavailable)
rElec   .          Harm     .   (cloak currently unavailable)
rCorr   .          Rampage  .   (gloves currently unavailable)
Will    .....      NoTele   +   (boots unavailable)
Stlth   ++........              (no amulet)
HPRegen 0.12/turn               (no ring)
MPRegen 0.11/turn               (no ring)

@: lethally poisoned (-8 -> -14), tree-form
A: stationary, stasis, torment immunity, boosted hp, (beak), (talons 3)
a: Renounce Religion


You were on level 3 of the Dungeon.
You worshipped Qazlal.
Qazlal was aware of your devotion.
You were a tree.
You visited 1 branch of the dungeon, and saw 4 of its levels.

You collected 92 gold pieces.

Inventory:

Hand Weapons
 a - a +1 dagger (weapon)
Missiles
 d - 70 arrows
 s - 75 stones (quivered)
 S - 27 sling bullets
Armour
 b - a +0 robe (melded)
 m - a +0 pair of gloves (melded)
Wands
 A - a wand of acid (4)
Scrolls
 f - a scroll of identify {unknown}
 h - a scroll of vulnerability {unknown}
 i - a scroll of teleportation {unknown}
 l - a scroll of torment {unknown}
 n - a scroll of magic mapping {unknown}
 o - a scroll of enchant weapon {unknown}
Potions
 c - a potion of invisibility
 e - a potion of haste {unknown}
 g - a potion of lignification {!q}
 j - a potion of heal wounds {unknown}
 k - a potion of mutation {unknown}


   Skills:
 + Level 1.5 Fighting
 + Level 2.2 Short Blades
 - Level 2.1 Dodging
 + Level 3.5 Stealth
 + Level 2.0 Spellcasting
 * Level 1.0 Conjurations
 + Level 2.4 Hexes
 + Level 1.0 Ice Magic


You had one spell level left.
You knew the following spells:

 Your Spells              Type           Power      Damage    Failure   Level
a - Confusing Touch       Hex            9%         N/A       22%         3
d - Magic Dart            Conj           20%        1d4       13%         1
e - Ensorcelled Hibernat  Hex/Ice        14%        N/A       14%         2

Your spell library contained the following spells:

 Spells                   Type           Power      Damage    Failure   Level
 Tukima's Dance           Hex            9%         N/A       22%         3
 Call Imp                 Summ           1%         N/A       28%         2
 Dazzling Flash           Conj/Hex       14%        N/A       28%         3
 Mephitic Cloud           Conj/Pois/Air  2%         N/A       45%         3


Dungeon Overview and Level Annotations

Branches:
Dungeon (4/15)
 Temple: D:4-7

Altars:
Qazlal

Portals:
Abyss: D:3

Annotations:
D:3 2 transporters, p0werm0de's ghost, amateur DsCK


Innate Abilities, Weirdness & Mutations

You are a tree.
Your roots penetrate the ground, keeping you stationary.
You cannot be teleported.
You are immune to unholy pain and torment.
Your maximum health is greatly increased.
Your equipment is partially melded.
((You have a beak for a mouth.))
((You have claws for feet.))


Message History

The orc is almost dead.
You feel sick. You block the orc's attack.
You hit the orc but do no damage. You peck the orc, but do no damage.
The orc is almost dead.
You feel sick.
The orc hits you with a +2 dagger of venom.
You are more poisoned.
You are too injured to fight recklessly!
It was a potion of lignification.
You turn into a tree.
Your +0 pair of gloves melds into your body.
Your +0 robe melds into your body.
Your roots penetrate the ground.
You feel very sick. The orc hits you but does no damage.
You barely miss the orc.
The orc is almost dead.
You feel sick. The orc hits you but does no damage.
You are more poisoned.
You hit the orc but do no damage.
The orc is almost dead.
You feel very sick. The orc hits you but does no damage.
You hit the orc but do no damage.
The orc is almost dead.
You feel very sick.
You hit the orc.
You kill the orc!
Qazlal accepts your kill.
You feel sick.
Your Conjurations skill increases to level 1!
Casting: Ensorcelled Hibernation (safe; 14% risk of failure)
Confirm with . or Enter, or press ? or * to list all spells.
Aiming: Ensorcelled Hibernation (safe; 14% risk of failure)
Press: ? - help, Shift-Dir - straight line, f - orc priest
Aim: an orc priest, wielding a +0 flail and wearing a +0 ring mail (chance to affect: 40%)
The orc priest resists with some effort.
* * * LOW HITPOINT WARNING * * *
You feel sick.
The orc priest calls down the wrath of Beogh upon you.
Beogh smites you!
You die...

###.#.###.####...###
#.# #.#.# #.# ##o##
#.# #.#.###.## #.#
#<# #.#.##...####.#
####.#
#.#...)..o....#
#.....
#.####...######
#.#### #.# ##.## #.#
##.# #.##### #.#
##..# #.o♣..# #.#
##...## #####.#
#.#### ##.....## #)#
#..... #....)..# #.#
###### ##.....## #.#
##...## #.# ##.##
#.############## #.#
#.##...........# #.#
#.##.###.##.##.#


You could see an orc priest.

Vanquished Creatures
  A worm (D:2)
  A dart slug (D:1)
  2 orcs (D:3)
  4 ball pythons
  5 endoplasms
  4 giant cockroaches
  4 goblins
  10 hobgoblins
  4 jackals (D:1)
  6 kobolds
  A quokka (D:1)
  4 bats
  4 frilled lizards
  6 rats
56 creatures vanquished.

Notes
Turn   | Place    | Note
-------+----------+-------------------------------------------
     0 | D:1      | emikaela the Tengu Enchanter began the quest for the Orb.
     0 | D:1      | Reached XP level 1. HP: 10/10 MP: 4/4
   311 | D:1      | Reached XP level 2. HP: 14/16 MP: 6/6
   314 | D:1      | Learned a level 2 spell: Ensorcelled Hibernation
   568 | D:1      | Reached skill level 1 in Fighting
   625 | D:1      | Reached XP level 3. HP: 16/20 MP: 7/7
   634 | D:1      | Learned a level 3 spell: Confusing Touch
  1699 | D:2      | Reached skill level 1 in Ice Magic
  1794 | D:2      | Learned a level 1 spell: Magic Dart
  1929 | D:2      | Reached XP level 4. HP: 25/25 MP: 8/8
  1954 | D:3      | Found a faded altar of an unknown god.
  1960 | D:3      | Prayed at the altar of an unknown god.
  1960 | D:3      | Became a worshipper of Qazlal Stormbringer
  1960 | D:3      | Reached * piety under Qazlal
  2483 | D:3      | Found a one-way gate to the infinite horrors of the Abyss.
  2483 | D:3      | Noticed p0werm0de's ghost (amateur DsCK)
  2486 | D:3      | Found a transporter.
  2490 | D:3      | Found a transporter.
  2624 | D:3      | Noticed an ancient zyme
  2625 | D:3      | Noticed a small abomination
  2915 | D:3      | Reached skill level 1 in Conjurations
  2915 | D:3      | Killed from afar by an orc priest

Illustrated notes

Levels and vault maps discovered:
D:1:      giann_wishing_wells, layout_loops_ring
D:2:      layout_loops_ring, serial_glass, glass_columns_c, glass_columns_a,
          glass_columns_a, glass_columns_a
D:3:      layout_loops_ring, nicolae_ecumenical_oubliette,
          gammafunk_ghost_abyssal_escape
D:4:      layout_basic, mainiacjoe_overflow_tiny_flanked,
          mainiacjoe_overflow_paths, chequers_serial_rivers_small_3,
          minmay_strange_pillars

Skill      XL: |  1  2  3  4 |
---------------+-------------+-----
Fighting       | 1 |  1.5
Short Blades   | 2 |  2.2
Ice Magic      | 1 |  1.0
Conjurations   | 1 |  1.0
Dodging        | |  2.1
Stealth        | |  3.5
Spellcasting   | |  2.0
Hexes          | |  2.4

Action                   |  1- 3 |  4- 6 || total
-------------------------+-------+-------++-------
Melee: Dagger            |   105 |    38 ||   143
       Peck              |    17 |     7 ||    24
       Kick              |    28 |     6 ||    34
 Cast: Ensorcelled Hiber |       |     3 ||     3
  Use: Potion            |       |     1 ||     1
 Stab: Sleeping          |     6 |       ||     6
Armor: Robe              |     9 |     2 ||    11
       Skin              |       |     3 ||     3
Dodge: Dodged            |    41 |    16 ||    57
Block: Other             |       |     1 ||     1
